 Dungeon Crawl Stone Soup version 0.28.0 (webtiles) character file.

Game seed: 9750364582978210686

37821 growler the Stormcaller (level 13, -6/84 HPs)
             Began as a Tengu Air Elementalist on Feb 10, 2022.
             Was an Elder of Vehumet.
             Mangled by a death yak (27 damage)
             ... on level 4 of the Lair of Beasts.
             The game lasted 00:47:51 (24689 turns).

growler the Stormcaller (Tengu Air Elementalist)   Turns: 24689, Time: 00:47:51

Health: -6/84      AC:  6    Str: 10    XL:     13   Next: 99%
Magic:  0/24       EV: 20    Int: 19    God:    Vehumet [****..]
Gold:   1189       SH: 15    Dex: 15    Spells: 16/26 levels left

rFire   . . .      SeeInvis +   H - staff of air
rCold   . . .      Faith    .   P - +0 kite shield
rNeg    . . .      Spirit   .   X - +1 steam dragon scales
rPois   +          Reflect  +   (helmet restricted)
rElec   +          Harm     .   (no cloak)
rCorr   .          Rampage  .   (no gloves)
Will    .....                   (boots unavailable)
Stlth   ++........              w - amulet of reflection
HPRegen 0.24/turn               j - ring of poison resistance
MPRegen 0.19/turn               z - ring of see invisible

@: flying quickly and evasively, quick
A: beak, talons 3, nimble flight
a: Renounce Religion


You were on level 4 of the Lair of Beasts.
You worshipped Vehumet.
Vehumet was greatly pleased with you.
You visited 3 branches of the dungeon, and saw 16 of its levels.

You collected 1189 gold pieces.

Inventory:

Hand Weapons
 c - a +0 dagger of electrocution
   (You found it on level 1 of the Dungeon)
Missiles
 J - 2 throwing nets {!f}
Armour
 a - a +0 robe
 f - a scarf of repulsion
   (You found it on level 1 of the Dungeon)
 l - the +0 hat "Jetzirgh" {Rampage rC+ Dex-4 SInv}
   (You found it on level 2 of the Dungeon)

   Dex:       It affects your dexterity (-4).
   rC:        It protects you from cold.
   SInv:      It lets you see invisible.
   Rampage:   It bestows one free step when moving towards enemies.
 P - a +0 kite shield (worn)
   (You took it off a gnoll sergeant on level 11 of the Dungeon)
 U - the +0 robe of Untruth {rN+ rCorr}
   (You found it on level 1 of the Lair of Beasts)

   rN:        It protects you from negative energy.
   rCorr:     It protects you from acid and corrosion.
 X - +1 steam dragon scales (worn)
   (You found it on level 6 of the Dungeon)
Magical Staves
 H - a staff of air (weapon)
   (You found it on level 9 of the Dungeon)
Jewellery
 j - a ring of poison resistance (left hand)
   (You found it on level 2 of the Dungeon)
 o - a ring of protection from cold
   (You found it on level 5 of the Dungeon)
 s - an amulet of faith {!P}
   (You found it on level 4 of the Dungeon)
 w - an amulet of reflection (around neck)
   (You found it on level 7 of the Dungeon)
 z - a ring of see invisible (right hand)
   (You found it on level 1 of the Dungeon)
 D - a ring of ice
   (You found it on level 9 of the Dungeon)
 I - a ring of wizardry
   (You found it on level 9 of the Dungeon)
 T - a +4 ring of evasion
   (You found it on level 1 of the Lair of Beasts)
Wands
 d - a wand of iceblast (13)
   (You found it on level 9 of the Dungeon)
 t - a wand of flame (11)
   (You found it on level 4 of the Lair of Beasts)
 u - a wand of paralysis (1)
   (You found it on level 6 of the Dungeon)
 v - a wand of digging (7)
   (You found it on level 4 of the Dungeon)
 x - a wand of acid (8)
   (You took it off an orc on level 4 of the Dungeon)
 F - a wand of charming (6)
   (You found it on level 9 of the Dungeon)
Scrolls
 b - 2 scrolls of teleportation {@r4}
 e - 5 scrolls of vulnerability {!r}
 k - 6 scrolls of noise {!r}
 n - a scroll of brand weapon
 q - a scroll of holy word {unknown}
 y - 2 scrolls of enchant armour
 B - a scroll of blinking
 C - 2 scrolls of enchant weapon {unknown}
 G - a scroll of fear {unknown}
 L - a scroll of summoning {unknown}
 N - 2 scrolls of torment {!r}
 Q - 2 scrolls of fog {unknown}
 R - a scroll of immolation {unknown}
 V - 2 scrolls of identify {@r1}
 W - 2 scrolls of amnesia {unknown}
Potions
 g - 2 potions of lignification {!q}
 h - 3 potions of brilliance {unknown}
 i - 8 potions of curing {@q1}
 m - 7 potions of mutation {!q}
 p - 4 potions of might
 r - 3 potions of heal wounds {@q2}
 A - 2 potions of cancellation
 E - 6 potions of ambrosia
 K - 3 potions of attraction {unknown}
 M - 2 potions of flight {unknown}
 O - a potion of haste {@q3}
 S - a potion of magic


   Skills:
 + Level 11.3 Fighting
 + Level 12.6 Dodging
 - Level 2.0 Stealth
 - Level 7.0 Shields
 - Level 7.0 Spellcasting
 + Level 10.8 Conjurations
 + Level 16.0 Air Magic


You had 16 spell levels left.
You knew the following spells:

 Your Spells              Type           Power      Damage    Failure   Level
a - Shock                 Conj/Air       100%       1d9       1%          1
b - Airstrike             Air            39%        N/A       1%          4
d - Static Discharge      Conj/Air       72%        N/A       1%          2
s - Swiftness             Air            79%        N/A       1%          3

Your spell library contained the following spells:

 Spells                   Type           Power      Damage    Failure   Level
 Lee's Rapid Deconstruct  Erth           3%         3d6*      83%         5
 Poisonous Vapours        Pois/Air       100%       N/A       1%          2
 Lightning Bolt           Conj/Air       36%        1d54      1%          5
 Stone Arrow              Conj/Erth      54%        3d10      2%          3
 Freeze                   Ice            24%        1d5       7%          1
 Sandblast                Erth           12%        2d6       7%          1
 Hailstorm                Conj/Ice       27%        3d7       8%          4
 Summon Lightning Spire   Summ/Air       54%        N/A       10%         4
 Frozen Ramparts          Ice            12%        1d3       21%         3
 Sting                    Tmut/Pois      24%        1d4       26%         1
 Ensorcelled Hibernation  Hex/Ice        12%        N/A       36%         2
 Passwall                 Tmut/Erth      5%         N/A       36%         2
 Sublimation of Blood     Necr           6%         N/A       36%         2
 Wereblood                Tmut           6%         N/A       36%         2
 Olgreb's Toxic Radiance  Pois           6%         N/A       52%         4
 Confusing Touch          Hex            6%         N/A       61%         3
 Ozocubu's Armour         Ice            6%         N/A       61%         3
 Yara's Violent Unravell  Hex/Tmut       3%         3d4       83%         5
 Enfeeble                 Hex            3%         N/A       100%        7
 Ozocubu's Refrigeration  Ice            3%         4d5       100%        7
 Summon Hydra             Summ           3%         N/A       100%        7


Dungeon Overview and Level Annotations

Branches:
Dungeon (11/15)            Temple (1/1) D:7            Lair (4/6) D:8
  Swamp (0/4) Lair:2          Orc (0/2) D:10
  Snake: Lair:2-4    Spider: Lair:2-4

Altars:
Ashenzari
Cheibriados
Dithmenos
Elyvilon
Fedhas
Gozag
Hepliaklqana
Kikubaaqudgha
Makhleb
Nemelex Xobeh
Okawaru
Qazlal
Ru
Sif Muna
Trog
Uskayaw
Vehumet
Wu Jian
Xom
Yredelemnul
Zin
The Shining One

Shops:
D:11 ?

Annotations:
D:2 Sigmund


Innate Abilities, Weirdness & Mutations

You have a beak for a mouth.
You have claws for feet.
Your magical nature lets you fly swiftly and evasively.


Message History

The lightning grounds out.
The death yak completely misses you.
You feel a surge of power!
The death yak is struck by an arc of lightning.
The death yak is struck by an arc of lightning!
Something is struck by an arc of lightning!
The death yak is struck by an arc of lightning.
The lightning grounds out.
The death yak barely misses you.
You feel a surge of power!
The death yak is struck by an arc of lightning!
The lightning grounds out.
You block the death yak's attack.
You don't have enough magic to cast this spell.
You barely miss the death yak.
You claw the death yak, but do no damage.
You peck the death yak, but do no damage.
The death yak gores you! The death yak misses you.
You feel a surge of power!
The death yak is struck by an arc of lightning!
You kill the death yak!
Vehumet accepts your kill.
You feel your power returning.
The death yak is struck by an arc of lightning!
The death yak is struck by an arc of lightning.
The yak is struck by an arc of lightning.
The lightning grounds out.
You hit the death yak but do no damage.
The death yak is electrocuted!
You claw the death yak, but do no damage.
The death yak gores you!!
You hit the death yak but do no damage.
The death yak is electrocuted!
The death yak gores you! You block the death yak's attack.
You feel a surge of power!
The death yak is struck by an arc of lightning! x2
Something is struck by an arc of lightning.
The lightning grounds out.
The death yak closely misses you.
You feel a surge of power!
The death yak is struck by an arc of lightning!
The death yak is struck by an arc of lightning.
Something is struck by an arc of lightning!
The death yak is struck by an arc of lightning.
The lightning grounds out.
You block the death yak's attack.
You hit the death yak but do no damage. You block the death yak's attack.
You feel a surge of power!
The death yak is struck by an arc of lightning!
You resist.
You are struck by an arc of lightning.
* * * LOW HITPOINT WARNING * * *
The lightning grounds out.
The death yak gores you!!
* * * LOW HITPOINT WARNING * * *
You hit the death yak but do no damage.
You claw the death yak, but do no damage.
The death yak gores you!!
You die...

##....#.#...##.##
#P...###.####
##...####### ##
#.....####.####P ###P# #
##.............. .PP.. #
#P.............. P...#
#............... ..#
##....##.######. #.
#..Y.#@## #. #..YYY###
#. #..Y###.###########
#.#
##...#..#.#PP.##.#Y#....
#....†.YY.Y.............
#..........Y.Y..Y.....Y.
#.............Y........Y
##.P####.###.######.####
### #.## ### #


You could see 2 death yaks and 2 yaks.

Vanquished Creatures
  A very ugly thing (D:11)
  Harold (D:9)
  9 hydras
  A two-headed ogre (D:11)
  2 boulder beetles (D:11)
  7 death yaks
  2 wizards (D:11)
  Pikel (D:7)
  An oklob plant (Lair:3)
  6 ugly things (D:11)
  7 elephants
  9 cane toads
  3 centaur skeletons (D:7)
  Psyche (D:9)
  2 hellwings
  3 komodo dragons
  A polar bear (Lair:4)
  A troll (D:11)
  5 wyverns
  2 shadows (D:10)
  34 yaks
  A vampire (D:9)
  A basilisk (Lair:2)
  2 steam dragons
  An acid dragon (D:10)
  9 water moccasins
  2 ice beasts
  A sky beast (D:8)
  2 black bears
  A hornet zombie (D:7)
  An orc warrior (D:11)
  13 wolves
  2 centaurs
  5 ogres
  3 phantoms
  2 lemures (D:7)
  A kobold brigand (D:8)
  A gnoll sergeant (D:11)
  6 bullfrogs
  A wyvern zombie (D:8)
  4 scorpions
  2 troll zombies (D:10)
  9 killer bees
  5 wights (D:10)
  2 howler monkeys
  3 jellies
  A crimson imp (D:4)
  4 centaur zombies
  A hound (D:7)
  4 orc priests
  7 iguanas
  10 orc wizards
  3 hell rats (Lair:3)
  A killer bee zombie (D:6)
  6 ogre zombies (D:10)
  A mummy (D:5)
  Robin (D:1)
  5 gnolls
  13 adders
  5 river rats (Lair:3)
  4 shadow imps
  2 white imps
  4 worms
  2 dart slugs (D:1)
  53 orcs
  6 endoplasms
  5 giant cockroaches
  15 hobgoblins
  8 jackals
  7 kobolds
  3 quokkas
  6 ball pythons
  5 bats
  2 frilled lizards (D:2)
  9 goblins
  2 goblin zombies (D:10)
  A hobgoblin skeleton (D:10)
  4 hobgoblin zombies (D:10)
  2 orc skeletons (D:10)
  16 orc zombies (D:10)
  12 rats
409 creatures vanquished.

Vanquished Creatures (others)
  A bush (Lair:4)
  19 fungi
  14 plants
  12 withered plants (D:7)
46 creatures vanquished.

Grand Total: 455 creatures vanquished

Notes
Turn   | Place    | Note
-------+----------+-------------------------------------------
     0 | D:1      | growler the Tengu Air Elementalist began the quest for the
                  | Orb.
     0 | D:1      | Reached XP level 1. HP: 10/10 MP: 4/4
   167 | D:1      | Reached XP level 2. HP: 15/15 MP: 3/6
   695 | D:1      | Reached XP level 3. HP: 19/19 MP: 3/7
   698 | D:1      | Learned a level 2 spell: Static Discharge
   919 | D:1      | Learned a level 3 spell: Swiftness
  1510 | D:2      | Noticed Robin
  1840 | D:1      | Killed Robin
  1841 | D:1      | Reached XP level 4. HP: 5/24 MP: 2/9
  2209 | D:2      | Reached skill level 5 in Air Magic
  2653 | D:2      | Noticed Sigmund
  2710 | D:2      | Gained mutation: Your magical nature lets you fly swiftly
                  | and evasively. [Tengu growth]
  2710 | D:2      | Reached XP level 5. HP: 2/28 MP: 0/10
  2959 | D:2      | Identified the +0 hat "Jetzirgh" {Rampage rC+ Dex-4 SInv}
  3309 | D:2      | Learned a level 4 spell: Airstrike
  4436 | D:4      | Reached XP level 6. HP: 31/32 MP: 7/12
  4499 | D:4      | Reached skill level 6 in Air Magic
  4878 | D:4      | Reached skill level 5 in Conjurations
  5129 | D:4      | Noticed a black bear
  5358 | D:4      | Killed a black bear
  5359 | D:4      | Reached XP level 7. HP: 32/36 MP: 3/14
  5649 | D:5      | Entered Level 5 of the Dungeon
  5801 | D:5      | Reached skill level 7 in Air Magic
  6741 | D:5      | Reached XP level 8. HP: 24/41 MP: 11/16
  6742 | D:5      | Reached skill level 5 in Spellcasting
  7012 | D:5      | Reached skill level 8 in Air Magic
  7280 | D:5      | Found a snail-covered altar of Cheibriados.
  7468 | D:6      | Reached skill level 9 in Air Magic
  7803 | D:6      | Reached skill level 10 in Air Magic
  7934 | D:6      | Reached XP level 9. HP: 46/46 MP: 4/17
  8082 | D:6      | Reached skill level 1 in Fighting
  8985 | D:7      | Reached skill level 11 in Air Magic
  9085 | D:7      | Noticed a hellwing
  9087 | D:7      | Noticed a hellwing
  9340 | D:6      | Killed a hellwing
  9341 | D:6      | Reached skill level 5 in Dodging
  9440 | D:7      | Reached XP level 10. HP: 53/58 MP: 13/18
  9560 | D:7      | Found a staircase to the Ecumenical Temple.
  9569 | D:7      | Reached skill level 5 in Fighting
  9569 | D:7      | Reached skill level 12 in Air Magic
  9574 | Temple   | Entered the Ecumenical Temple
  9696 | Temple   | Became a worshipper of Vehumet
 10625 | D:7      | Noticed Pikel
 10632 | D:7      | Killed Pikel
 11062 | D:8      | Reached skill level 13 in Air Magic
 11074 | D:8      | Reached * piety under Vehumet
 11074 | D:8      | Offered knowledge of Sandblast by Vehumet.
 11351 | D:8      | Reached XP level 11. HP: 66/66 MP: 10/19
 11646 | D:8      | Found a staircase to the Lair.
 12485 | D:9      | Noticed Psyche
 12489 | D:9      | Killed Psyche
 12489 | D:9      | Noticed Harold
 12515 | D:9      | Killed Harold
 12892 | D:10     | Entered Level 10 of the Dungeon
 13245 | D:10     | Reached skill level 14 in Air Magic
 13245 | D:10     | Reached ** piety under Vehumet
 13250 | D:10     | Offered knowledge of Poisonous Vapours by Vehumet.
 13517 | D:10     | Found a staircase to the Orcish Mines.
 13550 | D:10     | Offered knowledge of Inner Flame by Vehumet.
 13966 | D:10     | Reached *** piety under Vehumet
 14735 | D:11     | Noticed a two-headed ogre
 14735 | D:11     | Noticed a boulder beetle
 14777 | D:11     | Killed a two-headed ogre
 15175 | D:11     | Noticed a white ugly thing
 15176 | D:11     | Noticed a red ugly thing
 15193 | D:11     | Noticed a purple ugly thing
 15193 | D:11     | Noticed a cyan ugly thing
 15193 | D:11     | Noticed a purple ugly thing
 15193 | D:11     | Noticed a purple ugly thing
 15209 | D:11     | Killed a purple ugly thing
 15302 | D:11     | Killed a red ugly thing
 15444 | D:11     | Killed a boulder beetle
 15914 | D:11     | Found Rolugyn's Magic Scroll Emporium.
 16084 | D:11     | Killed a white ugly thing
 16277 | D:11     | Killed a cyan ugly thing
 16278 | D:11     | Reached skill level 10 in Dodging
 16278 | D:11     | Reached skill level 1 in Shields
 16371 | D:11     | Killed a cyan ugly thing
 16372 | D:11     | Reached skill level 15 in Air Magic
 16372 | D:11     | Reached XP level 12. HP: 62/75 MP: 4/20
 16571 | D:11     | Offered knowledge of Dazzling Flash by Vehumet.
 16636 | D:11     | Noticed a boulder beetle
 16696 | D:11     | Killed a boulder beetle
 16987 | D:11     | Noticed a green very ugly thing
 17139 | D:11     | Killed a green very ugly thing
 17621 | Lair:1   | Entered Level 1 of the Lair of Beasts
 18122 | Lair:1   | Identified the +0 robe of Untruth {rN+ rCorr}
 18420 | Lair:1   | You are sucked into a shaft and drop 1 floor!
 18429 | Lair:2   | Noticed a five-headed hydra
 18434 | Lair:2   | Killed a five-headed hydra
 18574 | Lair:2   | Noticed a seven-headed hydra
 18578 | Lair:2   | Killed a seven-headed hydra
 18716 | Lair:2   | Noticed a death yak
 18716 | Lair:2   | Noticed a death yak
 18738 | Lair:2   | Killed a death yak
 18739 | Lair:2   | Reached skill level 10 in Fighting
 18847 | Lair:2   | Noticed a death yak
 18847 | Lair:2   | Noticed a death yak
 18847 | Lair:2   | Noticed a death yak
 18873 | Lair:2   | Killed a death yak
 18947 | Lair:2   | Noticed a death yak
 18979 | Lair:2   | Reached skill level 5 in Shields
 18993 | Lair:2   | Killed a death yak
 19268 | Lair:1   | Killed a death yak
 19269 | Lair:1   | Reached XP level 13. HP: 5/82 MP: 0/24
 20215 | Lair:2   | Found a staircase to the Swamp.
 20357 | Lair:1   | Reached **** piety under Vehumet
 22246 | Lair:3   | Offered knowledge of Lee's Rapid Deconstruction by Vehumet.
 22867 | Lair:3   | Reached skill level 10 in Conjurations
 24489 | Lair:4   | Reached skill level 16 in Air Magic
 24689 | Lair:4   | Mangled by a death yak

Illustrated notes

Levels and vault maps discovered:
D:1:      minmay_arrival_nine_rooms, layout_basic
D:2:      cheibrodos_helix_gallery, layout_basic, minmay_pentomino_t4,
          uniq_sigmund, uniq_robin
D:3:      layout_loops_cross
D:4:      layout_loops_ring, serial_glass, glass_columns_a, glass_columns_a,
          minmay_fire_ice_demons
D:5:      minmay_bubble_buster, layout_loops_corners, slow_altar_2,
          hangedman_abyss_or_decor_stagger
D:6:      minmay_klotski, layout_cave_pools, minmay_increasing_density
D:7:      cheibrodos_grave_circle, layout_basic,
          minmay_temple_entry_enclosed_plants, uniq_pikel
D:8:      layout_rooms, dpeg_oklobed_lair
D:9:      layout_roguey, uniq_harold, uniq_psyche
D:10:     layout_rooms, zombieorc2_lemuel
D:11:     cheibrodos_breeding_chamber, layout_irregular_city, serial_shops,
          shop_fountains, minivault_22
Temple:   kilobyte_greek_temple
Lair:1:   layout_cellular_growth, lemuel_fruit_tree
Lair:2:   layout_cave_pods, minmay_swamp_entry_reptiles
Lair:3:   layout_regular_city, minivault_25, kennysheep_abandoned_house
Lair:4:   layout_long_grid, spider_nest_entry_rubble, grunt_megastairs_4

Skill      XL: |  1  2  3  4  5  6  7  8  9 10 11 12 13 |
---------------+----------------------------------------+-----
Conjurations   | 2 3 4 5 6 9 10 | 10.8
Air Magic      | 5 6 7 10 11 13 15 16 | 16.0
Spellcasting   | 3 4 5 6 7 |  7.0
Fighting       | 4 6 8 10 11 | 11.3
Dodging        | 5 8 10 11 12 | 12.6
Shields        | 1 5 7 |  7.0
Stealth        | |  2.0

Action                   |  1- 3 |  4- 6 |  7- 9 | 10-12 | 13-15 || total
-------------------------+-------+-------+-------+-------+-------++-------
Melee: Dagger            |    10 |    32 |    11 |    47 |       ||   100
       Kick              |     6 |     5 |     3 |    44 |     7 ||    65
       Peck              |     2 |     3 |     3 |    23 |     3 ||    34
       Staff             |       |       |       |    71 |    17 ||    88
       Punch             |       |       |       |     1 |       ||     1
 Cast: Shock             |    62 |    60 |    34 |     1 |       ||   157
       Static Discharge  |     6 |    32 |    61 |   210 |   123 ||   432
       Airstrike         |       |     2 |    34 |   128 |    66 ||   230
       Swiftness         |       |       |     1 |       |       ||     1
Evoke: Wand              |       |       |       |    10 |     2 ||    12
  Use: Scroll            |       |     3 |     6 |     6 |       ||    15
       Potion            |       |     1 |       |     1 |       ||     2
 Stab: Sleeping          |       |     3 |       |       |     3 ||     6
       Distracted        |       |       |       |     1 |       ||     1
       Paralysed         |       |       |       |     1 |       ||     1
Armor: Robe              |     4 |     8 |     2 |       |       ||    14
       Steam dragon scal |       |       |    12 |    34 |    15 ||    61
Dodge: Dodged            |    21 |    38 |    62 |   245 |    85 ||   451
Block: Other             |       |       |     7 |    60 |       ||    67
       Reflection        |       |       |       |     4 |       ||     4
       Kite shield       |       |       |       |       |   123 ||   123
